AoeStats
← MazQ

Arabia

510132658Analyzed
2v2 RM · 3d ago on Sep 29, 2026· 52m 23s· 4 players
Game mode
Random Map
Map size
Medium (4 player)
Population
200
Speed
Normal
Resources
Standard
Victory
Conquest
Starting age
Dark Age
Ending age
Imperial Age
RankedLock teamsTeams togetherTeam positionsShared explorationLock speedFull tech treeHidden civsTurbo modeCheats
Victory
Defeat
🇬🇧 Lithuanians · United Kingdom
1046
+14
🇪🇸 Vietnamese · Spain
1026
+15
🇹🇷 Magyars · Türkiye
1004
-15
🇹🇷 Poles · Türkiye
1003
-14
Fornicasrubias
6:48 Loom
10:03 Feudal Age
10:32 Double-Bit Axe
10:31 Horse Collar
12:56 Wheelbarrow
15:24 Gold Mining
17:20 Fletching
19:48 Stone Mining
23:30 Castle Age
22:30 Padded Archer Armor
24:23 Squires
23:45 Pikeman
25:10 Bloodlines
25:34 Bodkin Arrow
25:55 Leather Archer Armor
25:31 Arson
27:32 Scale Mail Armor
28:43 Hand Cart
29:30 Bloodlines
29:21 Husbandry
31:49 Light Cavalry
36:45 Ballistics
36:37 Masonry
36:49 Bow Saw
36:43 Heavy Plow
42:40 Forging
42:31 Scale Mail Armor
44:01 Stone Shaft Mining
44:01 Treadmill Crane
44:23 Town Watch
45:49 Iron Casting
45:30 Chain Mail Armor
47:02 Scale Barding Armor
50:16 Imperial Age
48:03 Town Patrol
52:08 Chemistry
50:49 Halberdier
52:49 Paper Money
PingSlayer
6:25 Loom
10:07 Feudal Age
11:06 Double-Bit Axe
11:44 Horse Collar
15:14 Wheelbarrow
18:15 Castle Age
16:49 Fletching
18:22 Scale Barding Armor
19:21 Bow Saw
19:55 Bodkin Arrow
20:31 Elite Skirmisher
21:30 Squires
24:40 Pikeman
27:13 Stone Mining
27:25 Gold Mining
28:35 Bloodlines
28:39 Heavy Plow
29:35 Thumb Ring
30:59 Stone Shaft Mining
30:29 Husbandry
30:51 Forging
31:21 Hand Cart
32:17 Chain Barding Armor
32:33 Iron Casting
35:01 Ballistics
34:52 Masonry
37:18 Imperial Age
37:22 Elite Leitis
38:03 Tower Shields
38:24 Conscription
38:40 Hoardings
38:48 Plate Barding Armor
38:17 Bracer
38:04 Halberdier
41:26 Imperial Skirmisher
43:20 Scale Mail Armor
44:38 Architecture
44:04 Murder Holes
47:05 Chain Mail Armor
48:48 Treadmill Crane
51:29 Two-Man Saw
51:06 Crop Rotation
✪CheckMate
6:19 Loom
9:43 Feudal Age
10:09 Double-Bit Axe
15:04 Fletching
19:48 Castle Age
21:53 Bloodlines
21:44 Husbandry
21:52 Scale Barding Armor
21:59 Forging
28:45 Bodkin Arrow
29:19 Szlachta Privileges
34:54 Imperial Age
34:08 Bow Saw
35:09 Iron Casting
35:08 Cavalier
39:49 Wheelbarrow
38:59 Town Watch
40:43 Murder Holes
44:28 Chain Barding Armor
45:09 Blast Furnace
45:06 Hand Cart
46:25 Blast Furnace
MazQ
6:58 Loom
10:27 Feudal Age
14:40 Double-Bit Axe
20:09 Castle Age
19:27 Padded Archer Armor
23:08 Wheelbarrow
25:55 Leather Archer Armor
26:18 Ballistics
28:21 Corvinian Army
29:58 Hand Cart
32:31 Imperial Age
33:48 Hand Cart
37:25 Elite Magyar Huszar
39:10 Horse Collar
41:14 Pikeman
48:51 Heavy Cavalry Archer
49:59 Parthian Tactics
Connection lost

Rejoining the realm…

Still unreachable

The connection could not be restored.

Session expired

The server has moved on; the page needs a fresh start.